 Dungeon Crawl Stone Soup version 0.28-a0-724-g66f9036eb4 (webtiles) character file.

Game seed: 10315457320438606840

53 KoroneIsBestGirl the Chiller (level 3, -12/26 HPs)
             Began as a Minotaur Ice Elementalist on Oct 26, 2021.
             Mangled by Crazy Yiuf (18 damage)
             ... on level 2 of the Dungeon.
             The game lasted 00:01:59 (2202 turns).

KoroneIsBestGirl the Chiller (MiIE)                 Turns: 2202, Time: 00:02:00

Health: -12/26     AC:  2    Str: 12    XL:     3   Next: 62%
Magic:  9/14       EV: 12    Int: 13    God:
Gold:   87         SH:  0    Dex: 10    Spells: 2/6 levels left

rFire   x . .      SeeInvis .   d - +0 whip
rCold   + . .      Faith    .   (no shield)
rNeg    . . .      Spirit   .   a - +0 robe
rPois   .          Reflect  .   (helmet restricted)
rElec   .          Harm     .   (no cloak)
rCorr   .          Rampage  .   (no gloves)
Will    .....                   (no boots)
Stlth   ++........              (no amulet)
HPRegen 0.08/turn               g - ring of magical power
MPRegen 0.14/turn               i - ring of ice

@: mighty, lethally poisoned (-12 -> -27), freezing walls, very slightly
contaminated
A: horns 2, retaliatory headbutt
a: no special abilities


You were on level 2 of the Dungeon.
You visited 1 branch of the dungeon, and saw 2 of its levels.

You collected 87 gold pieces.

Inventory:

Hand Weapons
 d - a +0 whip (weapon)
Armour
 a - a +0 robe (worn)
Jewellery
 g - a ring of magical power (left hand)
 i - a ring of ice (right hand)
Scrolls
 e - a scroll of identify {unknown}
 f - a scroll of noise {unknown}
 h - a scroll of enchant weapon {unknown}
 j - a scroll of immolation {unknown}
 k - a scroll of fear {unknown}
Potions
 b - a potion of lignification {unknown}
 c - 2 potions of mutation {unknown}


   Skills:
 + Level 3.1 Dodging
 - Level 1.5 Stealth
 + Level 2.0 Spellcasting
 + Level 3.3 Ice Magic


You had 2 spell levels left.
You knew the following spells:

 Your Spells              Type           Power      Damage    Failure   Level
a - Freeze                Ice            60%        1d8       6%          1
b - Frozen Ramparts       Ice            30%        1d5       19%         3

Your spell library contained the following spells:

 Spells                   Type           Power      Damage    Failure   Level
 Ozocubu's Armour         Ice            15%        N/A       19%         3
 Hailstorm                Conj/Ice       8%         3d4       77%         4


Dungeon Overview and Level Annotations

Branches:
Dungeon (2/15)

Altars:

Shops:
D:2 (

Annotations:
D:2 Crazy Yiuf


Innate Abilities, Weirdness & Mutations

You have a pair of horns on your head.
You reflexively headbutt those who attack you in melee.


Message History

You see here a giant cockroach corpse.
Found 12 stones.
You see here a hobgoblin corpse.
There is an escape hatch in the floor here.
Found a stone staircase leading down.
There is an escape hatch in the floor here.
You see here a +0 leather armour.
Crazy Yiuf shouts!
Casting: Freeze (safe; 6% risk of failure)
Confirm with . or Enter, or press ? or * to list all spells.
The spell is quite dangerous to cast (19% risk of failure)!
Continue anyway?
Casting: Frozen Ramparts (quite dangerous; 19% risk of failure)
Press: ? - help, Dir - look around, f - activate You feel a surge of power!
The walls around you are covered in ice.
You open the door.
The wall freezes Crazy Yiuf.
Crazy Yiuf grits, "Hack broken horse!"
You feel a surge of power!
You miscast Freeze.
You are very lightly contaminated with residual magic.
Nothing appears to happen.
The wall freezes Crazy Yiuf.
Crazy Yiuf hits you with a +3 quarterstaff of chaos!
You are lethally poisoned!
You feel a surge of power!
You freeze Crazy Yiuf.
Crazy Yiuf is heavily wounded.
You feel very sick.
The wall freezes Crazy Yiuf.
Crazy Yiuf hits you with a +3 quarterstaff of chaos.
You feel very mighty all of a sudden.
You are too injured to fight recklessly!
You are too injured to fight recklessly!
You are too injured to fight recklessly!
You are too injured to fight recklessly!
You completely miss Crazy Yiuf.
Crazy Yiuf is severely wounded.
* * * LOW HITPOINT WARNING * * *
You feel very sick.
The wall freezes Crazy Yiuf.
Crazy Yiuf hits you with a +3 quarterstaff of chaos!!
Ouch! That really hurt!
You die...

### ###### #)..###
##..#.##
#...g@####......#
#...##..#.......# ###
### ###.#...##.#
..##### ########.#
#.....# #.[# #.....#
###### #.##
#.....#####.##.#####
#.#
#.#..###>..........##
#.#
#....###....##.##...#
###.##


You could see Crazy Yiuf.

Vanquished Creatures
  An adder (D:2)
  6 bats
  7 endoplasms
  3 giant cockroaches
  4 goblins
  2 hobgoblins (D:2)
  5 jackals (D:2)
  A quokka (D:1)
  2 ball pythons (D:1)
  A frilled lizard (D:1)
  4 kobolds
  A rat (D:1)
37 creatures vanquished.

Notes
Turn   | Place    | Note
-------+----------+-------------------------------------------
     0 | D:1      | KoroneIsBestGirl the Minotaur Ice Elementalist began the
                  | quest for the Orb.
     0 | D:1      | Reached XP level 1. HP: 14/14 MP: 1/1
   481 | D:1      | Reached XP level 2. HP: 14/20 MP: 0/3
   996 | D:1      | Found a faded altar of an unknown god.
  1451 | D:2      | Reached XP level 3. HP: 21/26 MP: 4/4
  1611 | D:2      | Found Egeq's Weapon Emporium.
  1698 | D:2      | Learned a level 3 spell: Frozen Ramparts
  1894 | D:2      | Found a runed translucent door.
  1895 | D:2      | Noticed Crazy Yiuf
  2202 | D:2      | Mangled by Crazy Yiuf

Illustrated notes

Levels and vault maps discovered:
D:1:      dpeg_arrival_signposts, layout_basic,
          dreamdust_ecumenical_altar_hidden_monk_grotto, hangedman_decor_growths
D:2:      layout_basic, serial_shops, shop, uniq_crazy_yiuf_cottage

Skill      XL: |  1  2  3 |
---------------+----------+-----
Ice Magic      | 3 |  3.3
Dodging        | 3 |  3.1
Spellcasting   | 2 |  2.0
Stealth        | |  1.5

Action                   || total
-------------------------++-------
Melee: Whip              ||    32
       Unarmed           ||     3
       Headbutt          ||     3
 Cast: Freeze            ||    41
       Frozen Ramparts   ||     1
 Stab: Sleeping          ||     1
Armor: Robe              ||    22
Dodge: Dodged            ||    53

Table legend: (Time is in decaauts)
 A = Elapsed time spent in this place.
 B = Non-inter-level travel time spent in this place.
 C = Inter-level travel time spent in this place.
 D = Time resting spent in this place.
 E = Time spent auto-exploring this place.
 F = Levels seen in this place.
 G = Mean time per level.
                   A        B        C        D        E       F      G
               +--------+--------+--------+--------+--------+-----+--------+
         Total |   2203 |   2118 |     85 |      0 |   1881 |   2 | 1101.5 |
       Dungeon |   2203 |   2118 |     85 |      0 |   1881 |   2 | 1101.5 |
               +--------+--------+--------+--------+--------+-----+--------+

Top non-repeatable levels by time:
     D:1: 1434 daAuts
     D:2: 768 daAuts
